3019 views
Uploaded 2020-03-16 00:29:13
Game version 1.32.2
29:42 long 3on3 ladder game on (6)GnollWood
Saved by BEARAND
3019 views
Uploaded 2020-03-16 00:29:13
Game version 1.32.2
29:42 long 3on3 ladder game on (6)GnollWood


88 units @ 9.1k
/ 0.8k
280 buildings @ 14.4k
/ 7.9k
BEARAND
(30:01) : 


| Ivory Tower | 1 | 40 |
| Scroll of Regeneration | 1 | 100 |
| Potion of Healing | 5 | 750 |
| Staff of Sanctuary | 3 | 750 |
| Scroll of Town Portal | 1 | 350 |
| Staff of Teleportation | 3 | 450 |
| Boots of Speed | 2 | 500 |
| Healing Salve | 3 | 300 |
| Orb of Lightning | 2 | 750 |
| total: | 21 | 3990g |
| Peasant | 23 | 1725 | / | 0 |
| Priest | 1 | 135 | / | 10 |
| Sorceress | 2 | 310 | / | 40 |
| total: | 26 | 2170g | / | 50w |
| Scout Tower | 113 | 3390 | / | 2260 |
| Arcane Tower | 7 | 490 | / | 350 |
| Guard Tower | 32 | 2240 | / | 1600 |
| Altar of Kings | 1 | 180 | / | 50 |
| Farm | 4 | 320 | / | 80 |
| Lumber Mill | 1 | 120 | / | 0 |
| Arcane Vault | 2 | 260 | / | 60 |
| Town Hall | 1 | 385 | / | 205 |
| Arcane Sanctum | 1 | 150 | / | 140 |
| Keep | 1 | 320 | / | 210 |
| Castle | 2 | 720 | / | 420 |
| total: | 123 | 4805g | / | 2795w |
| 0:01 | Peasant |
| 0:02 | Peasant |
| 0:09 | Altar of Kings |
| 0:19 | Farm |
| 0:25 | Peasant |
| 0:45 | Peasant |
| 0:48 | Lumber Mill |
| 0:49 | Peasant |
| 1:00 | Scout Tower |
| 1:01 | Peasant |
| 1:22 | Farm |
| 1:24 | Peasant |
| 1:28 | Scout Tower |
| 1:36 | Arcane Tower |
| 1:47 | Peasant |
| 1:48 | Peasant |
| 1:51 | Scout Tower |
| 2:01 | Peasant |
| 2:02 | Guard Tower |
| 2:05 | Peasant |
| 2:08 | Blizzard |
| 2:15 | Scout Tower |
| 2:27 | Guard Tower |
| 3:03 | Guard Tower |
| 3:19 | Scout Tower |
| 3:19 | Scout Tower |
| 3:19 | Scout Tower |
| 3:20 | Scout Tower |
| 3:20 | Scout Tower |
| 3:21 | Scout Tower |
| 3:21 | Improved Masonry |
| 3:22 | Peasant |
| 3:22 | Peasant |
| 3:22 | Peasant |
| 3:22 | Peasant |
| 3:57 | Scout Tower |
| 3:58 | Scout Tower |
| 3:58 | Scout Tower |
| 4:07 | Keep |
| 4:16 | Scout Tower |
| 4:16 | Scout Tower |
| 4:17 | Scout Tower |
| 4:39 | Guard Tower |
| 4:47 | Guard Tower |
| 4:49 | Guard Tower |
| 5:09 | Staff of Teleportation |
| 5:09 | Boots of Speed |
| 5:19 | Guard Tower |
| 5:21 | Farm |
| 5:21 | Farm |
| 5:32 | Arcane Vault |
| 6:10 | Guard Tower |
| 6:11 | Guard Tower |
| 6:11 | Guard Tower |
| 6:51 | Healing Salve |
| 7:27 | Arcane Sanctum |
| 7:42 | Ivory Tower |
| 7:42 | Scroll of Regeneration |
| 7:44 | Potion of Healing |
| 7:52 | Storm Bolt |
| 8:27 | Peasant |
| 8:27 | Peasant |
| 8:27 | Peasant |
| 8:27 | Peasant |
| 8:27 | Peasant |
| 8:29 | Peasant |
| 8:29 | Peasant |
| 8:31 | Improved Lumber Harvesting |
| 8:37 | Brilliance Aura |
| 8:52 | Town Hall |
| 8:57 | Scout Tower |
| 9:11 | Staff of Teleportation |
| 9:19 | Guard Tower |
| 10:04 | Potion of Healing |
| 10:13 | Guard Tower |
| 10:14 | Scout Tower |
| 10:15 | Scout Tower |
| 10:15 | Scout Tower |
| 10:20 | Magic Sentry |
| 10:35 | Arcane Vault |
| 10:37 | Castle |
| 11:18 | Bash |
| 11:25 | Guard Tower |
| 11:25 | Guard Tower |
| 11:26 | Scout Tower |
| 11:26 | Scout Tower |
| 11:27 | Scout Tower |
| 11:27 | Scout Tower |
| 11:28 | Scout Tower |
| 11:28 | Scout Tower |
| 11:28 | Scout Tower |
| 11:28 | Scout Tower |
| 11:32 | Scout Tower |
| 11:33 | Scout Tower |
| 11:34 | Scout Tower |
| 11:34 | Scout Tower |
| 11:35 | Scout Tower |
| 11:35 | Scout Tower |
| 11:36 | Scout Tower |
| 11:36 | Scout Tower |
| 12:12 | Guard Tower |
| 12:13 | Guard Tower |
| 12:15 | Peasant |
| 12:22 | Guard Tower |
| 12:23 | Advanced Masonry |
| 12:46 | Healing Salve |
| 12:50 | Healing Salve |
| 13:18 | Guard Tower |
| 13:37 | Staff of Sanctuary |
| 13:48 | Staff of Sanctuary |
| 14:04 | Potion of Healing |
| 14:13 | Potion of Healing |
| 14:27 | Priest |
| 14:27 | Priest Adept Training |
| 14:27 | Sorceress |
| 14:28 | Sorceress Adept Training |
| 14:29 | Guard Tower |
| 14:31 | Rain of Fire |
| 14:34 | Scroll of Town Portal |
| 14:35 | Potion of Healing |
| 14:49 | Boots of Speed |
| 14:49 | Staff of Teleportation |
| 15:27 | Blizzard |
| 15:42 | Guard Tower |
| 16:22 | Storm Bolt |
| 16:36 | Scout Tower |
| 16:37 | Scout Tower |
| 16:38 | Scout Tower |
| 17:03 | Guard Tower |
| 17:05 | Scout Tower |
| 17:06 | Scout Tower |
| 17:06 | Scout Tower |
| 17:06 | Scout Tower |
| 17:06 | Scout Tower |
| 17:07 | Imbued Masonry |
| 17:20 | Staff of Sanctuary |
| 17:39 | Guard Tower |
| 17:53 | Orb of Lightning |
| 18:05 | Guard Tower |
| 18:35 | Howl of Terror |
| 19:02 | Guard Tower |
| 19:33 | Guard Tower |
| 19:35 | Scout Tower |
| 19:36 | Scout Tower |
| 19:36 | Scout Tower |
| 19:36 | Scout Tower |
| 19:37 | Scout Tower |
| 19:37 | Scout Tower |
| 19:37 | Scout Tower |
| 19:38 | Scout Tower |
| 20:01 | Orb of Lightning |
| 20:22 | Guard Tower |
| 20:33 | Guard Tower |
| 20:36 | Advanced Lumber Harvesting |
| 21:56 | Sorceress Master Training |
| 22:56 | Guard Tower |
| 25:43 | Sorceress |
| 26:21 | Brilliance Aura |
| 26:39 | Bash |
| 26:55 | Rain of Fire |
| 27:30 | Scout Tower |
| 27:30 | Scout Tower |
| 27:30 | Scout Tower |
| 27:30 | Scout Tower |
| 27:30 | Scout Tower |
| 27:30 | Scout Tower |
| 27:30 | Scout Tower |
| 27:31 | Scout Tower |
| 27:31 | Scout Tower |
| 27:31 | Scout Tower |
| 27:31 | Scout Tower |
| 27:31 | Scout Tower |
| 27:31 | Scout Tower |
| 27:31 | Scout Tower |
| 27:32 | Scout Tower |
| 27:32 | Arcane Tower |
| 28:29 | Arcane Tower |
| 28:38 | Guard Tower |
| 28:38 | Guard Tower |
| 28:39 | Arcane Tower |
| 28:40 | Arcane Tower |
| 28:42 | Scout Tower |
| 28:42 | Scout Tower |
| 28:42 | Scout Tower |
| 28:43 | Scout Tower |
| 28:43 | Scout Tower |
| 28:43 | Scout Tower |
| 28:43 | Scout Tower |
| 28:43 | Scout Tower |
| 28:43 | Scout Tower |
| 28:44 | Scout Tower |
| 28:46 | Scout Tower |
| 28:47 | Scout Tower |
| 28:48 | Scout Tower |
| 28:48 | Scout Tower |
| 28:48 | Scout Tower |
| 28:48 | Scout Tower |
| 28:49 | Scout Tower |
| 28:49 | Scout Tower |
| 28:49 | Scout Tower |
| 28:49 | Scout Tower |
| 28:49 | Scout Tower |
| 28:49 | Scout Tower |
| 28:49 | Scout Tower |
| 28:50 | Scout Tower |
| 28:50 | Scout Tower |
| 28:50 | Scout Tower |
| 29:03 | Arcane Tower |
| 29:05 | Scout Tower |
| 29:05 | Scout Tower |
| 29:06 | Scout Tower |
| 29:06 | Scout Tower |
| 29:06 | Scout Tower |
| 29:07 | Scout Tower |
| 29:07 | Scout Tower |
| 29:07 | Scout Tower |
| 29:07 | Scout Tower |
| 29:10 | Arcane Tower |
| 29:12 | Scout Tower |
| 29:12 | Scout Tower |
| 29:12 | Scout Tower |
| 29:12 | Scout Tower |
| 29:12 | Scout Tower |
| 29:12 | Scout Tower |
| 29:12 | Scout Tower |
| 29:13 | Scout Tower |
| 29:13 | Scout Tower |
| 29:13 | Scout Tower |
| 29:14 | Scout Tower |
| Right click | 2853 |
| Select | 809 |
| Select group | 492 |
| Build/train/purchase | 177 |
| Use ability | 109 |
| Resource trade | 65 |
| Chat | 35 |
| Misc. action | 16 |
| Minimap ping | 14 |
| Assign group | 12 |
| Item give/drop | 12 |
| Remove unit | 7 |



| Scroll of Regeneration | 1 | 100 |
| Potion of Healing | 1 | 150 |
| Boots of Speed | 2 | 500 |
| Staff of Teleportation | 3 | 450 |
| Potion of Lesser Invulnerability | 1 | 150 |
| Potion of Invisibility | 1 | 100 |
| Circlet of Nobility | 1 | 175 |
| total: | 10 | 1625g |
| Peasant | 34 | 2550 | / | 0 |
| Sorceress | 2 | 310 | / | 40 |
| Priest | 2 | 270 | / | 20 |
| total: | 38 | 3130g | / | 60w |
| Scout Tower | 108 | 3240 | / | 2160 |
| Arcane Tower | 4 | 280 | / | 200 |
| Guard Tower | 53 | 3710 | / | 2650 |
| Altar of Kings | 1 | 180 | / | 50 |
| Farm | 5 | 400 | / | 100 |
| Lumber Mill | 3 | 360 | / | 0 |
| Arcane Vault | 3 | 390 | / | 90 |
| Town Hall | 1 | 385 | / | 205 |
| Arcane Sanctum | 1 | 150 | / | 140 |
| Keep | 1 | 320 | / | 210 |
| Castle | 1 | 360 | / | 210 |
| total: | 122 | 5105g | / | 2745w |
| 0:05 | Peasant |
| 0:05 | Peasant |
| 0:08 | Altar of Kings |
| 0:11 | Farm |
| 0:26 | Peasant |
| 0:38 | Peasant |
| 0:46 | Farm |
| 0:50 | Scout Tower |
| 0:52 | Peasant |
| 1:12 | Lumber Mill |
| 1:19 | Arcane Tower |
| 1:20 | Scout Tower |
| 1:22 | Peasant |
| 1:45 | Farm |
| 1:50 | Peasant |
| 1:50 | Peasant |
| 1:55 | Scout Tower |
| 2:20 | Blizzard |
| 2:25 | Guard Tower |
| 2:28 | Peasant |
| 2:28 | Peasant |
| 2:28 | Peasant |
| 2:35 | Scout Tower |
| 3:02 | Peasant |
| 3:02 | Peasant |
| 3:07 | Guard Tower |
| 3:12 | Improved Masonry |
| 3:14 | Peasant |
| 3:14 | Peasant |
| 4:00 | Scout Tower |
| 4:01 | Scout Tower |
| 4:02 | Scout Tower |
| 4:20 | Boots of Speed |
| 4:20 | Staff of Teleportation |
| 4:30 | Arcane Tower |
| 4:31 | Guard Tower |
| 4:35 | Scout Tower |
| 4:46 | Scout Tower |
| 5:00 | Scout Tower |
| 5:10 | Scout Tower |
| 5:17 | Keep |
| 5:23 | Scout Tower |
| 5:24 | Scout Tower |
| 5:25 | Scout Tower |
| 5:26 | Scout Tower |
| 5:38 | Arcane Vault |
| 5:41 | Scout Tower |
| 5:42 | Scout Tower |
| 5:57 | Guard Tower |
| 6:01 | Guard Tower |
| 6:16 | Guard Tower |
| 6:28 | Guard Tower |
| 6:38 | Scout Tower |
| 6:39 | Scout Tower |
| 6:45 | Scout Tower |
| 6:46 | Scout Tower |
| 6:49 | Scout Tower |
| 6:53 | Scout Tower |
| 6:56 | Scout Tower |
| 6:56 | Scout Tower |
| 7:17 | Arcane Tower |
| 7:18 | Guard Tower |
| 7:19 | Guard Tower |
| 7:43 | Guard Tower |
| 7:48 | Guard Tower |
| 8:05 | Arcane Sanctum |
| 8:43 | Holy Light |
| 9:12 | Castle |
| 9:15 | Scroll of Regeneration |
| 9:15 | Potion of Healing |
| 9:23 | Scout Tower |
| 9:24 | Scout Tower |
| 9:38 | Scout Tower |
| 10:03 | Guard Tower |
| 10:05 | Magic Sentry |
| 10:06 | Sorceress Adept Training |
| 10:06 | Priest Adept Training |
| 10:07 | Sorceress |
| 10:14 | Guard Tower |
| 10:17 | Guard Tower |
| 10:31 | Priest |
| 10:40 | Scout Tower |
| 11:11 | Guard Tower |
| 11:12 | Scout Tower |
| 11:14 | Scout Tower |
| 11:21 | Brilliance Aura |
| 11:37 | Farm |
| 11:48 | Advanced Masonry |
| 11:54 | Potion of Lesser Invulnerability |
| 11:55 | Potion of Invisibility |
| 11:55 | Circlet of Nobility |
| 12:02 | Boots of Speed |
| 12:03 | Staff of Teleportation |
| 12:09 | Staff of Teleportation |
| 12:17 | Divine Shield |
| 12:22 | Scout Tower |
| 12:25 | Scout Tower |
| 12:38 | Guard Tower |
| 12:46 | Scout Tower |
| 12:53 | Storm Bolt |
| 13:22 | Guard Tower |
| 13:32 | Scout Tower |
| 13:33 | Scout Tower |
| 13:56 | Sorceress Master Training |
| 13:56 | Priest Master Training |
| 13:58 | Imbued Masonry |
| 13:58 | Improved Lumber Harvesting |
| 14:00 | Guard Tower |
| 14:01 | Guard Tower |
| 14:06 | Scout Tower |
| 14:09 | Scout Tower |
| 14:10 | Scout Tower |
| 14:21 | Farm |
| 14:23 | Priest |
| 14:28 | Sorceress |
| 14:40 | Scout Tower |
| 14:40 | Guard Tower |
| 15:37 | Guard Tower |
| 15:46 | Peasant |
| 15:46 | Peasant |
| 15:46 | Peasant |
| 15:51 | Scout Tower |
| 15:52 | Scout Tower |
| 15:53 | Scout Tower |
| 15:54 | Scout Tower |
| 15:55 | Scout Tower |
| 15:56 | Scout Tower |
| 15:56 | Scout Tower |
| 16:26 | Guard Tower |
| 16:32 | Scout Tower |
| 16:49 | Guard Tower |
| 16:51 | Scout Tower |
| 16:52 | Scout Tower |
| 16:53 | Scout Tower |
| 16:57 | Scout Tower |
| 16:59 | Scout Tower |
| 17:01 | Arcane Tower |
| 17:19 | Guard Tower |
| 17:21 | Scout Tower |
| 17:22 | Scout Tower |
| 17:22 | Scout Tower |
| 17:27 | Guard Tower |
| 17:38 | Scout Tower |
| 17:39 | Scout Tower |
| 17:41 | Scout Tower |
| 17:45 | Scout Tower |
| 17:46 | Scout Tower |
| 17:48 | Scout Tower |
| 17:49 | Scout Tower |
| 17:55 | Guard Tower |
| 17:59 | Scout Tower |
| 17:59 | Guard Tower |
| 18:07 | Advanced Lumber Harvesting |
| 18:07 | Guard Tower |
| 18:11 | Scout Tower |
| 18:12 | Scout Tower |
| 18:13 | Scout Tower |
| 18:13 | Guard Tower |
| 18:26 | Guard Tower |
| 18:30 | Guard Tower |
| 18:32 | Scout Tower |
| 18:33 | Scout Tower |
| 18:46 | Guard Tower |
| 18:51 | Scout Tower |
| 18:52 | Scout Tower |
| 18:53 | Scout Tower |
| 18:55 | Scout Tower |
| 18:55 | Scout Tower |
| 18:56 | Scout Tower |
| 18:59 | Guard Tower |
| 19:12 | Guard Tower |
| 19:23 | Guard Tower |
| 19:26 | Guard Tower |
| 19:30 | Lumber Mill |
| 19:32 | Guard Tower |
| 20:12 | Guard Tower |
| 20:41 | Arcane Vault |
| 20:44 | Guard Tower |
| 20:46 | Scout Tower |
| 20:47 | Scout Tower |
| 20:55 | Guard Tower |
| 20:59 | Scout Tower |
| 20:59 | Scout Tower |
| 21:38 | Lumber Mill |
| 21:41 | Thunder Clap |
| 21:59 | Guard Tower |
| 22:16 | Town Hall |
| 22:26 | Arcane Vault |
| 22:30 | Scout Tower |
| 22:31 | Scout Tower |
| 22:33 | Scout Tower |
| 22:47 | Scout Tower |
| 22:48 | Scout Tower |
| 22:49 | Scout Tower |
| 22:52 | Scout Tower |
| 23:05 | Blizzard |
| 23:15 | Guard Tower |
| 23:24 | Guard Tower |
| 23:41 | Scout Tower |
| 23:42 | Scout Tower |
| 23:43 | Scout Tower |
| 23:59 | Scout Tower |
| 24:00 | Scout Tower |
| 24:03 | Holy Light |
| 24:20 | Guard Tower |
| 24:21 | Scout Tower |
| 24:23 | Scout Tower |
| 24:28 | Scout Tower |
| 24:28 | Scout Tower |
| 24:34 | Guard Tower |
| 25:02 | Guard Tower |
| 25:04 | Scout Tower |
| 25:04 | Scout Tower |
| 25:05 | Scout Tower |
| 25:07 | Guard Tower |
| 25:08 | Scout Tower |
| 25:09 | Scout Tower |
| 25:31 | Guard Tower |
| 25:35 | Guard Tower |
| 25:36 | Guard Tower |
| 25:39 | Scout Tower |
| 25:39 | Scout Tower |
| 25:42 | Scout Tower |
| 26:10 | Scout Tower |
| 26:11 | Scout Tower |
| 26:13 | Scout Tower |
| 26:16 | Scout Tower |
| 26:20 | Scout Tower |
| 26:24 | Peasant |
| 26:24 | Peasant |
| 26:24 | Peasant |
| 26:25 | Peasant |
| 26:28 | Guard Tower |
| 26:45 | Guard Tower |
| 26:54 | Guard Tower |
| 27:28 | Peasant |
| 27:28 | Peasant |
| 27:29 | Peasant |
| 27:29 | Peasant |
| 27:29 | Peasant |
| 27:29 | Peasant |
| 27:29 | Peasant |
| 27:35 | Peasant |
| 27:35 | Peasant |
| 27:36 | Peasant |
| 27:36 | Peasant |
| 27:36 | Peasant |
| Right click | 1335 |
| Select group | 796 |
| Select | 385 |
| Build/train/purchase | 150 |
| Use ability | 73 |
| Chat | 61 |
| Misc. action | 26 |
| Minimap ping | 15 |
| Assign group | 8 |
| Item give/drop | 5 |
| Esc | 3 |
⇛
iggythefisk
(30:00) : 
| Lesser Clarity Potion | 12 | 840 |
| Scroll of Speed | 4 | 200 |
| Healing Salve | 9 | 900 |
| Orb of Lightning | 1 | 375 |
| Boots of Speed | 2 | 500 |
| Staff of Teleportation | 1 | 150 |
| total: | 29 | 2965g |
| Peon | 13 | 975 | / | 0 |
| Kodo Beast | 11 | 2805 | / | 660 |
| total: | 24 | 3780g | / | 660w |
| Watch Tower | 22 | 2420 | / | 1760 |
| Orc Burrow | 7 | 1120 | / | 280 |
| War Mill | 1 | 205 | / | 0 |
| Altar of Storms | 1 | 180 | / | 50 |
| Voodoo Lounge | 3 | 390 | / | 90 |
| Beastiary | 1 | 145 | / | 140 |
| Stronghold | 2 | 630 | / | 380 |
| Fortress | 1 | 325 | / | 190 |
| total: | 35 | 4460g | / | 2320w |
| 0:01 | Peon |
| 0:05 | Orc Burrow |
| 0:06 | Peon |
| 0:19 | War Mill |
| 0:22 | Peon |
| 0:38 | Altar of Storms |
| 0:46 | Peon |
| 0:58 | Peon |
| 1:07 | Peon |
| 1:18 | Voodoo Lounge |
| 1:22 | Peon |
| 1:40 | Watch Tower |
| 1:46 | Peon |
| 2:02 | Peon |
| 2:05 | Peon |
| 2:17 | Pocket Factory |
| 2:21 | Peon |
| 2:28 | Watch Tower |
| 2:55 | Stronghold |
| 3:07 | Orc Burrow |
| 3:32 | Watch Tower |
| 4:49 | Watch Tower |
| 5:03 | Lesser Clarity Potion |
| 5:03 | Scroll of Speed |
| 5:03 | Healing Salve |
| 5:04 | Lesser Clarity Potion |
| 5:10 | Boots of Speed |
| 5:21 | Boots of Speed |
| 5:21 | Staff of Teleportation |
| 5:27 | Peon |
| 5:27 | Peon |
| 5:57 | Watch Tower |
| 6:24 | Fortress |
| 6:30 | Engineering Upgrade |
| 6:41 | Watch Tower |
| 7:02 | Watch Tower |
| 7:09 | Lesser Clarity Potion |
| 7:09 | Lesser Clarity Potion |
| 7:10 | Healing Salve |
| 8:11 | Watch Tower |
| 8:59 | Pillage |
| 9:05 | Beastiary |
| 9:07 | Lesser Clarity Potion |
| 9:07 | Lesser Clarity Potion |
| 9:09 | Orb of Lightning |
| 9:17 | Watch Tower |
| 9:20 | Reinforced Defenses |
| 10:09 | Kodo Beast |
| 10:10 | War Drums Damage Increase |
| 10:23 | Watch Tower |
| 10:25 | Pocket Factory |
| 10:53 | Kodo Beast |
| 11:30 | Healing Salve |
| 11:31 | Lesser Clarity Potion |
| 11:34 | Lesser Clarity Potion |
| 11:36 | Watch Tower |
| 11:42 | Orc Burrow |
| 12:41 | Kodo Beast |
| 13:28 | Voodoo Lounge |
| 13:33 | Kodo Beast |
| 13:49 | Healing Salve |
| 15:38 | Orc Burrow |
| 15:38 | Orc Burrow |
| 15:39 | Orc Burrow |
| 15:42 | Watch Tower |
| 15:44 | Watch Tower |
| 15:51 | Voodoo Lounge |
| 16:30 | Engineering Upgrade |
| 17:17 | Watch Tower |
| 17:21 | Healing Salve |
| 17:27 | Kodo Beast |
| 17:30 | Lesser Clarity Potion |
| 17:39 | Watch Tower |
| 17:40 | Watch Tower |
| 17:41 | Watch Tower |
| 17:42 | Watch Tower |
| 17:42 | Watch Tower |
| 17:46 | Watch Tower |
| 18:40 | Kodo Beast |
| 18:50 | Lesser Clarity Potion |
| 18:52 | Healing Salve |
| 19:01 | Watch Tower |
| 19:02 | Watch Tower |
| 20:43 | Kodo Beast |
| 20:43 | Kodo Beast |
| 21:52 | Healing Salve |
| 22:55 | Kodo Beast |
| 23:27 | Scroll of Speed |
| 24:55 | Lesser Clarity Potion |
| 24:56 | Healing Salve |
| 25:07 | Scroll of Speed |
| 25:12 | Orc Burrow |
| 26:20 | Pocket Factory |
| 26:51 | Scroll of Speed |
| 27:16 | Healing Salve |
| 27:27 | Lesser Clarity Potion |
| 27:38 | Kodo Beast |
| 27:38 | Kodo Beast |
| Right click | 2297 |
| Select | 589 |
| Assign group | 553 |
| Select group | 391 |
| Chat | 133 |
| Build/train/purchase | 98 |
| Use ability | 92 |
| Resource trade | 17 |
| Misc. action | 10 |
| Item give/drop | 6 |
| Minimap ping | 4 |
| Remove unit | 1 |
191 units @ 23.6k
/ 3.2k
50 buildings @ 8.1k
/ 3.3k


| Periapt of Vitality | 1 | 325 |
| Circlet of Nobility | 1 | 175 |
| Boots of Speed | 1 | 250 |
| total: | 3 | 750g |
| Wisp | 17 | 1020 | / | 0 |
| Archer | 12 | 1560 | / | 120 |
| Huntress | 9 | 1755 | / | 180 |
| Hippogryph | 13 | 2080 | / | 260 |
| total: | 51 | 6415g | / | 560w |
| Ancient Protector | 1 | 135 | / | 80 |
| Hunter's Hall | 1 | 210 | / | 100 |
| Altar of Elders | 1 | 180 | / | 50 |
| Moon Well | 8 | 1440 | / | 320 |
| Ancient of War | 3 | 450 | / | 180 |
| Ancient of Wind | 2 | 300 | / | 280 |
| Tree of Ages | 1 | 320 | / | 180 |
| Tree of Eternity | 1 | 330 | / | 200 |
| total: | 16 | 2715g | / | 1010w |
| 0:17 | Hunter's Hall |
| 0:23 | Altar of Elders |
| 0:39 | Wisp |
| 0:39 | Wisp |
| 1:07 | Moon Well |
| 1:24 | Wisp |
| 1:48 | Wisp |
| 2:04 | Ancient of War |
| 2:14 | Wisp |
| 2:14 | Wisp |
| 2:29 | Moon Well |
| 3:42 | Immolation |
| 5:36 | Ancient of War |
| 5:39 | Ancient Protector |
| 5:43 | Wisp |
| 5:44 | Wisp |
| 6:38 | Moon Well |
| 6:42 | Moon Well |
| 6:53 | Moon Well |
| 7:37 | Archer |
| 7:38 | Archer |
| 7:46 | Wisp |
| 7:46 | Wisp |
| 8:03 | Huntress |
| 8:11 | Ancient of War |
| 8:43 | Huntress |
| 8:57 | Huntress |
| 9:04 | Wisp |
| 9:04 | Wisp |
| 9:18 | Archer |
| 10:21 | Wisp |
| 10:21 | Wisp |
| 10:24 | Huntress |
| 10:26 | Huntress |
| 10:29 | Huntress |
| 10:46 | Huntress |
| 11:09 | Strength of the Moon |
| 11:14 | Moon Armor |
| 12:10 | Evasion |
| 12:19 | Moon Well |
| 12:21 | Tree of Ages |
| 13:33 | Periapt of Vitality |
| 13:34 | Circlet of Nobility |
| 13:38 | Boots of Speed |
| 14:55 | Ancient of Wind |
| 15:00 | Ancient of Wind |
| 15:03 | Improved Bows |
| 15:47 | Archer |
| 15:56 | Wisp |
| 15:56 | Wisp |
| 16:06 | Archer |
| 16:20 | Hippogryph |
| 16:26 | Hippogryph |
| 16:32 | Huntress |
| 16:36 | Huntress |
| 16:41 | Hippogryph |
| 16:42 | Hippogryph |
| 17:00 | Hippogryph |
| 17:05 | Hippogryph |
| 17:29 | Moon Glaive |
| 17:55 | Moon Well |
| 18:06 | Hippogryph |
| 18:09 | Archer |
| 19:36 | Improved Strength of the Moon |
| 20:29 | Improved Moon Armor |
| 20:31 | Wisp |
| 20:33 | Hippogryph |
| 20:35 | Hippogryph |
| 20:38 | Archer |
| 20:40 | Archer |
| 21:16 | Tree of Eternity |
| 23:05 | Moon Well |
| 24:28 | Hippogryph |
| 24:29 | Hippogryph |
| 24:31 | Hippogryph |
| 24:31 | Hippogryph |
| 24:36 | Marksmanship |
| 24:39 | Archer |
| 24:40 | Archer |
| 24:40 | Archer |
| 25:25 | Archer |
| 27:17 | Force of Nature |
| 27:45 | Advanced Strength of the Moon |
| 27:46 | Advanced Moon Armor |
| Right click | 432 |
| Select | 308 |
| Build/train/purchase | 87 |
| Use ability | 18 |
| Minimap ping | 4 |

| Healing Salve | 1 | 100 |
| Lesser Clarity Potion | 2 | 140 |
| Potion of Healing | 2 | 300 |
| Scroll of Town Portal | 1 | 350 |
| total: | 6 | 890g |
| Peon | 9 | 675 | / | 0 |
| Troll Headhunter | 25 | 3500 | / | 500 |
| Troll Berserker | 24 | 3360 | / | 480 |
| Shaman | 8 | 1040 | / | 160 |
| total: | 66 | 8575g | / | 1140w |
| Watch Tower | 2 | 220 | / | 160 |
| Altar of Storms | 1 | 180 | / | 50 |
| Orc Burrow | 6 | 960 | / | 240 |
| Barracks | 2 | 360 | / | 100 |
| War Mill | 1 | 205 | / | 0 |
| Voodoo Lounge | 1 | 130 | / | 30 |
| Spirit Lodge | 1 | 150 | / | 150 |
| Stronghold | 1 | 315 | / | 190 |
| Fortress | 1 | 325 | / | 190 |
| total: | 14 | 2205g | / | 730w |
| 0:11 | Altar of Storms |
| 0:14 | Orc Burrow |
| 0:15 | Peon |
| 0:16 | Peon |
| 0:29 | Peon |
| 0:46 | Peon |
| 1:12 | Barracks |
| 1:31 | War Mill |
| 1:36 | Peon |
| 1:58 | Orc Burrow |
| 2:20 | Wind Walk |
| 2:53 | Troll Headhunter |
| 2:53 | Troll Headhunter |
| 2:53 | Troll Headhunter |
| 2:54 | Troll Headhunter |
| 3:49 | Troll Headhunter |
| 4:32 | Troll Headhunter |
| 5:19 | Troll Headhunter |
| 5:20 | Troll Headhunter |
| 5:22 | Steel Armor |
| 5:52 | Troll Headhunter |
| 6:42 | Peon |
| 6:42 | Peon |
| 7:08 | Peon |
| 7:16 | Orc Burrow |
| 7:18 | Troll Headhunter |
| 7:30 | Troll Headhunter |
| 8:00 | Critical Strike |
| 8:12 | Voodoo Lounge |
| 8:13 | Troll Headhunter |
| 8:13 | Troll Headhunter |
| 8:52 | Troll Headhunter |
| 8:59 | Troll Headhunter |
| 9:12 | Peon |
| 9:23 | Healing Salve |
| 9:43 | Troll Headhunter |
| 9:43 | Troll Headhunter |
| 10:08 | Troll Headhunter |
| 10:27 | Lesser Clarity Potion |
| 10:31 | Stronghold |
| 10:57 | Orc Burrow |
| 11:21 | Troll Headhunter |
| 11:27 | Troll Headhunter |
| 11:31 | Steel Ranged Weapons |
| 11:57 | Barracks |
| 12:32 | Troll Headhunter |
| 12:59 | Wind Walk |
| 13:11 | Fortress |
| 13:18 | Orc Burrow |
| 15:24 | Spirit Lodge |
| 15:29 | Troll Headhunter |
| 15:48 | Troll Headhunter |
| 15:49 | Troll Headhunter |
| 16:12 | Berserker Upgrade |
| 16:16 | Troll Headhunter |
| 16:57 | Troll Berserker |
| 17:00 | Shaman Adept Training |
| 17:11 | Troll Berserker |
| 17:24 | Troll Berserker |
| 17:40 | Troll Berserker |
| 17:46 | Orc Burrow |
| 18:42 | Troll Berserker |
| 19:00 | Lesser Clarity Potion |
| 19:04 | Troll Berserker |
| 19:05 | Troll Berserker |
| 19:16 | Watch Tower |
| 19:19 | Shaman Master Training |
| 19:22 | Troll Berserker |
| 19:24 | Troll Berserker |
| 20:14 | Troll Berserker |
| 20:16 | Shaman |
| 20:16 | Shaman |
| 20:30 | Troll Berserker |
| 20:32 | Shaman |
| 20:47 | Watch Tower |
| 20:58 | Shaman |
| 21:03 | Troll Berserker |
| 21:25 | Troll Berserker |
| 21:40 | Troll Berserker |
| 21:46 | Troll Regeneration |
| 21:53 | Shaman |
| 22:08 | Potion of Healing |
| 22:36 | Critical Strike |
| 22:47 | Troll Berserker |
| 22:50 | Potion of Healing |
| 23:12 | Troll Berserker |
| 23:31 | Troll Berserker |
| 23:46 | Troll Berserker |
| 23:49 | Shaman |
| 24:54 | Troll Berserker |
| 24:56 | Troll Berserker |
| 25:53 | Wind Walk |
| 26:41 | Troll Berserker |
| 26:41 | Troll Berserker |
| 26:43 | Shaman |
| 26:43 | Shaman |
| 26:44 | Troll Berserker |
| 27:24 | Troll Berserker |
| 27:58 | Scroll of Town Portal |
| Right click | 457 |
| Select | 407 |
| Build/train/purchase | 118 |
| Use ability | 6 |
| Select group | 6 |
| Minimap ping | 3 |
| Remove unit | 2 |
| Assign group | 1 |
| Misc. action | 1 |


| Scroll of Town Portal | 2 | 700 |
| total: | 2 | 700g |
| Wisp | 38 | 2280 | / | 0 |
| Archer | 2 | 260 | / | 20 |
| Huntress | 9 | 1755 | / | 180 |
| Glaive Thrower | 11 | 2310 | / | 715 |
| Druid of the Talon | 7 | 1015 | / | 140 |
| Dryad | 7 | 1015 | / | 420 |
| total: | 74 | 8635g | / | 1475w |
| Ancient Protector | 8 | 1080 | / | 640 |
| Altar of Elders | 1 | 180 | / | 50 |
| Moon Well | 4 | 720 | / | 160 |
| Ancient of War | 2 | 300 | / | 120 |
| Hunter's Hall | 1 | 210 | / | 100 |
| Ancient of Wonders | 1 | 90 | / | 30 |
| Tree of Life | 1 | 340 | / | 185 |
| Ancient of Wind | 1 | 150 | / | 140 |
| Ancient of Lore | 1 | 155 | / | 145 |
| Tree of Ages | 1 | 320 | / | 180 |
| total: | 20 | 3225g | / | 1570w |
| 0:03 | Wisp |
| 0:03 | Wisp |
| 0:03 | Wisp |
| 0:09 | Altar of Elders |
| 0:13 | Moon Well |
| 0:16 | Wisp |
| 0:16 | Wisp |
| 0:32 | Wisp |
| 1:02 | Wisp |
| 1:03 | Wisp |
| 1:07 | Moon Well |
| 1:14 | Wisp |
| 1:15 | Wisp |
| 1:25 | Ancient of War |
| 1:44 | Wisp |
| 1:45 | Wisp |
| 2:03 | Wisp |
| 2:15 | Entangling Roots |
| 2:23 | Hunter's Hall |
| 2:28 | Archer |
| 2:33 | Ancient of War |
| 3:12 | Archer |
| 3:17 | Moon Well |
| 4:00 | Huntress |
| 4:00 | Huntress |
| 4:22 | Huntress |
| 5:18 | Huntress |
| 5:22 | Tree of Ages |
| 5:34 | Moon Well |
| 6:15 | Glaive Thrower |
| 6:38 | Huntress |
| 7:17 | Glaive Thrower |
| 7:25 | Strength of the Moon |
| 7:25 | Improved Strength of the Moon |
| 8:21 | Vorpal Blades |
| 8:22 | Glaive Thrower |
| 9:27 | Ancient of Wind |
| 9:41 | Thorns Aura |
| 10:06 | Glaive Thrower |
| 10:08 | Glaive Thrower |
| 10:13 | Ancient of Lore |
| 11:09 | Huntress |
| 11:28 | Druid of the Talon |
| 11:31 | Abolish Magic |
| 11:32 | Dryad |
| 11:52 | Wisp |
| 11:53 | Wisp |
| 11:53 | Wisp |
| 12:08 | Druid of the Talon |
| 12:14 | Ancient of Wonders |
| 13:19 | Scroll of Town Portal |
| 14:25 | Dryad |
| 14:25 | Dryad |
| 14:28 | Druid of the Talon |
| 14:28 | Druid of the Talon |
| 14:31 | Glaive Thrower |
| 14:31 | Glaive Thrower |
| 15:36 | Glaive Thrower |
| 15:45 | Druid of the Talon |
| 16:02 | Wisp |
| 16:02 | Wisp |
| 16:02 | Wisp |
| 16:03 | Wisp |
| 16:18 | Wisp |
| 16:18 | Wisp |
| 16:18 | Wisp |
| 16:31 | Ancient Protector |
| 17:06 | Wisp |
| 17:06 | Wisp |
| 17:18 | Scroll of Town Portal |
| 17:47 | Wisp |
| 17:47 | Wisp |
| 18:09 | Ancient Protector |
| 18:13 | Ancient Protector |
| 18:56 | Huntress |
| 19:07 | Ancient Protector |
| 19:17 | Ancient Protector |
| 20:47 | Tree of Life |
| 20:51 | Ancient Protector |
| 20:54 | Ancient Protector |
| 21:00 | Dryad |
| 21:18 | Ancient Protector |
| 22:03 | Glaive Thrower |
| 22:06 | Searing Arrows |
| 22:09 | Dryad |
| 22:18 | Wisp |
| 22:19 | Wisp |
| 22:22 | Wisp |
| 22:22 | Wisp |
| 22:53 | Wisp |
| 22:53 | Wisp |
| 22:54 | Wisp |
| 22:54 | Wisp |
| 23:53 | Wisp |
| 23:53 | Wisp |
| 24:25 | Wisp |
| 24:42 | Dryad |
| 24:45 | Glaive Thrower |
| 24:45 | Glaive Thrower |
| 24:46 | Huntress |
| 28:13 | Entangling Roots |
| 28:35 | Huntress |
| 28:36 | Dryad |
| 28:38 | Druid of the Talon |
| 28:38 | Druid of the Talon |
| 28:55 | Trueshot Aura |
| Right click | 942 |
| Select | 457 |
| Misc. action | 314 |
| Build/train/purchase | 102 |
| Use ability | 49 |
| Select group | 26 |
| Assign group | 18 |
| Minimap ping | 3 |